 Dungeon Crawl Stone Soup version 0.18-a0-1542-g9c1a92e (webtiles) character file.

437 M4edhros the Poker (level 7, -2/46 HPs)
             Began as an Octopode Chaos Knight on Mar 10, 2016.
             Slain by a soul eater (16 damage)
             ... summoned by Xom
             ... in an ossuary.
             The game lasted 00:06:20 (8901 turns).

M4edhros the Poker (Octopode Chaos Knight)          Turns: 8901, Time: 00:06:20

Health: -2/46      AC:  5    Str:  9    XL:     7   Next: 1%
Magic:  7/7        EV:  7    Int: 13    God:    Xom [......]
Gold:   146        SH:  0    Dex: 15    Spells: 0 memorised, 6 levels left

rFire  . . .     SeeInvis +     a - +0 spear (chaos)
rCold  . . .     Gourm    .     (no shield)
rNeg   . . .     Faith    .     (helmet restricted)
rPois  .         Spirit   .     (no amulet)
rElec  .         Dismiss  .     k - +4 ring of protection
rCorr  .         Reflect  .     p - ring of see invisible
SustAt .         Harm     .     q - -5 ring of evasion
MR     .....                    (no ring)
Stlth  ++........               (no ring)
                                (no ring)
                                (no ring)
                                (no ring)

@: drained, not resistant to hostile enchantments, unstealthy
A: almost no armour, amphibious, 8 rings, constrict 8, camouflage 1, agile 1,
dopey 1, weak 1, wild magic 1, gelatinous body 1
a: Renounce Religion


You were in an ossuary.
You worshipped Xom.
You were a very special plaything of Xom.
You were not hungry.

You visited 1 branch of the dungeon, and saw 5 of its levels.
You also visited: Ossuary.

You collected 146 gold pieces.

Inventory:

Hand Weapons
 a - a +0 spear of chaos (weapon)
Missiles
 c - 232 stones (quivered)
Jewellery
 e - an uncursed ring of protection from cold {unknown}
 k - a +4 ring of protection (left tentacle)
 p - a ring of see invisible (right tentacle)
 q - a -5 ring of evasion (on tentacle)
Scrolls
 d - a scroll of blinking {unknown}
 g - 2 scrolls of immolation
 i - 3 scrolls of identify
 l - 3 scrolls of recharging {unknown}
 o - a scroll of teleportation {unknown}
 t - 2 scrolls of amnesia {unknown}
 u - 3 scrolls of enchant weapon {unknown}
 v - 3 scrolls of remove curse
 x - a scroll of fear {unknown}
Potions
 f - a potion of might {unknown}
 j - a potion of degeneration
 n - a potion of cure mutation {unknown}
 r - 2 potions of lignification {unknown}
 s - a potion of curing
 w - 2 potions of heal wounds {unknown}
 A - 2 potions of ambrosia {unknown}
Comestibles
 b - 4 bread rations
 h - a beef jerky
 m - 2 meat rations
 z - 2 fruits


   Skills:
 - Level 3.0(2.7) Fighting
 + Level 7.6(7.4) Polearms
 - Level 2.3(2.1) Dodging


You had 6 spell levels left.
You didn't know any spells.

Dungeon Overview and Level Annotations

Branches:
Dungeon (5/15)
 Temple: D:4-7

Altars:
Ashenzari
Gozag
Kikubaaqudgha
Yredelemnul


Innate Abilities, Weirdness & Mutations

You cannot wear most types of armour.
You are amphibious.
You can wear up to eight rings at the same time.
You can use your tentacles to constrict eight enemies at once.
Your skin changes colour to match your surroundings (Stealth).
Your rubbery body absorbs attacks (AC +1).
You are agile. (Dex +2)
You are dopey. (Int -2)
You are weak. (Str -2)
Your spells are a little harder to cast, but a little more powerful.


Message History

The soul eater is lightly wounded.
You constrict the soul eater, but do no damage.
The crimson imp barely misses you. The shadow imp hits you.
The soul eater hits you!
* * * LOW HITPOINT WARNING * * *
A shower of butterflies erupts from you!
You are too injured to fight recklessly!
Drink which item? (? for menu, Esc to quit)
You feel better.
You constrict the soul eater, but do no damage.
The shadow imp barely misses you.
The crimson imp blinks!
The soul eater hits you!
* * * LOW HITPOINT WARNING * * *
Drink which item? (? for menu, Esc to quit)
You feel better.
You constrict the soul eater, but do no damage.
The crimson imp blinks!
The shadow imp gestures at you. Pain shoots through your body!
The soul eater hits you!
You die...

### ##### ###
#???!#b5b#5.ยง#
+?):!#b3@ZZb.#
#!!??#..b#...#
### ##### ..#
.# #


You could see a soul eater (petrifying), a crimson imp, a shadow imp, an adder
zombie and a kobold zombie.

Vanquished Creatures
  Menkaure (D:4)
  A howler monkey (D:4)
  2 crimson imps (D:5)
  An orc priest (D:5)
  8 adders
  2 adder skeletons (D:4)
  4 worms
  4 dart slugs
  2 giant geckos
  9 orcs
  8 giant cockroaches
  6 goblins
  4 hobgoblins
  3 jackals (D:2)
  A ball python (D:2)
  12 bats
  5 giant newts
  9 kobolds
  10 rats
92 creatures vanquished.

Notes
Turn   | Place    | Note
--------------------------------------------------------------
     0 | D:1      | M4edhros the Octopode Chaos Knight began the quest for the Orb.
     0 | D:1      | Reached XP level 1. HP: 16/16 MP: 1/1
   160 | D:1      | XOM: harmless Pois miscast
   723 | D:1      | Reached XP level 2. HP: 21/21 MP: 2/2
   875 | D:1      | XOM: silly message
  1021 | D:1      | XOM: divination: magic mapping
  1151 | D:1      | XOM: divination: magic mapping
  1613 | D:1      | Reached skill level 4 in Polearms
  1825 | D:1      | XOM: summons 5 hostile shadow creatures
  1850 | D:2      | XOM: colour smoke trail
  2452 | D:1      | XOM: mild Summ miscast
  2458 | D:1      | Reached XP level 3. HP: 14/26 MP: 3/3
  2797 | D:1      | XOM: colour smoke trail
  2839 | D:1      | XOM: harmless Chrm miscast
  3573 | D:2      | XOM is BORED!
  3573 | D:2      | XOM: mild Trmt miscast
  3642 | D:2      | Found a basalt altar of Yredelemnul.
  3642 | D:2      | Found a shattered altar of Ashenzari.
  3652 | D:2      | Found an ancient bone altar of Kikubaaqudgha.
  3684 | D:2      | XOM: polymorph hobgoblin -> giant newt
  3792 | D:2      | XOM: mild Hex miscast
  3916 | D:2      | XOM: mild Summ miscast
  3917 | D:2      | Noticed a spatial vortex
  3965 | D:2      | Reached XP level 4. HP: 25/31 MP: 4/4
  4238 | D:2      | XOM: silly message
  4354 | D:2      | Reached skill level 5 in Polearms
  4570 | D:2      | Noticed a warg
  4570 | D:2      | a worm changed into a warg
  4570 | D:2      | XOM: polymorph worm -> warg
  4572 | D:2      | Noticed a two-headed ogre
  4572 | D:2      | a warg changed into a two-headed ogre
  4572 | D:2      | XOM: polymorph warg -> two-headed ogre
  4572 | D:2      | Noticed a blink frog
  4572 | D:2      | a two-headed ogre changed into a blink frog
  4574 | D:2      | Noticed a warg
  4574 | D:2      | a blink frog changed into a warg
  4578 | D:2      | XOM: 4-stop teleportation journey
  5439 | D:3      | XOM: summons 2 hostile demons
  5509 | D:3      | Reached XP level 5. HP: 34/36 MP: 5/5
  5971 | D:3      | XOM: harmless Hex miscast
  5976 | D:3      | XOM: silly message
  6109 | D:3      | XOM: medium Ice miscast
  6886 | D:4      | Reached skill level 6 in Polearms
  8152 | D:4      | Noticed Menkaure
  8159 | D:4      | Killed Menkaure
  8159 | D:4      | Reached skill level 7 in Polearms
  8159 | D:4      | Reached XP level 6. HP: 42/42 MP: 6/6
  8414 | D:2      | Found an opulent altar of Gozag.
  8485 | D:2      | Noticed a yak
  8493 | D:2      | Noticed an orb spider
  8494 | D:2      | Noticed a tarantella
  8494 | D:2      | an orb spider changed into a tarantella
  8573 | D:5      | Entered Level 5 of the Dungeon
  8580 | D:5      | XOM: confusion
  8627 | D:5      | XOM: harmless Erth miscast
  8744 | D:5      | Found a sand-covered staircase.
  8784 | D:5      | XOM: confusion (+ monsters)
  8801 | D:5      | XOM: give mutations
  8801 | D:5      | Gained mutation: You are dopey. (Int -2) [Xom's mischief]
  8801 | D:5      | Gained mutation: You are agile. (Dex +2) [Xom's mischief]
  8801 | D:5      | Gained mutation: You are weak. (Str -2) [Xom's mischief]
  8801 | D:5      | Gained mutation: Your spells are a little harder to cast, but a little more powerful. [Xom's mischief]
  8803 | D:5      | Reached XP level 7. HP: 25/46 MP: 7/7
  8891 | Ossuary  | Entered an ossuary
  8893 | Ossuary  | XOM: summons 3 hostile demons
  8894 | Ossuary  | Noticed a soul eater
  8899 | Ossuary  | XOM: butterfly on damage
  8901 | Ossuary  | Slain by a soul eater

Vault maps used:
D:1:      dpeg_arrival_signposts
D:2:      nicolae_overflow_crystal_walls, nicolae_gozag_seed_capital,
          gammafunk_temple_overflow_wave
D:4:      lemuel_upstairs_altar, uniq_menkaure
D:5:      led_sif_book, nicolae_ossuary_entry_ruins, first_bread,
          hangedman_abyss_or_decor_lesser_grid, nicolae_dithmenos_the_darkroom,
          uniq_pikel
Ossuary:  ossuary_tomb_2

Skill      XL: |  1  2  3  4  5 |
---------------+----------------+-----
Polearms       | 4 5 7 |  7.6
Fighting       | |  3.0
Dodging        | |  2.3

Action                   |  1- 3 |  4- 6 |  7- 9 || total
-------------------------+-------+-------+-------++-------
Melee: Spear             |   101 |   163 |     6 ||   270
  Use: Potion            |       |     4 |     2 ||     6
       Scroll            |       |     4 |       ||     4
 Stab: Sleeping          |    10 |     5 |       ||    15
       Distracted        |     1 |     1 |       ||     2
       Petrifying        |       |     2 |       ||     2
  Eat: Chunk             |     9 |    13 |     1 ||    23
       Beef jerky        |       |     1 |       ||     1
